 Dungeon Crawl Stone Soup version 0.29.1-12-g30fa7ad0bf (webtiles) character file.

Game seed: 4056008888398385434

8233 javelincjr the Thaumaturge (level 11, -13/68 HPs)
             Began as a Djinni Conjurer on Jan 3, 2023.
             Was a Believer of Qazlal.
             Shot with an arrow by a centaur warrior (23 damage)
             ... on level 10 of the Dungeon on Jan 4, 2023.
             The game lasted 01:16:45 (10498 turns).

javelincjr the Thaumaturge (Djinni Conjurer)       Turns: 10498, Time: 01:16:46

Health: -13/68     AC:  6    Str: 12    XL:     11   Next: 52%
Gold:   100        EV: 13    Int: 20    God:    Qazlal [**....] SH:  2 Dex: 12

rFire   + + +      SeeInvis .   O - +0 dagger (vamp)
rCold   x x .      Faith    .   (no shield)
rNeg    + . .      Spirit   .   P - +0 troll leather armour of the Ant {+Blink rN+ Regen+ Str+2}
rPois   ∞          Reflect  .   k - +1 helmet
rElec   .          Harm     .   T - scarf {shadows}
rCorr   .          Rampage  .   (no gloves)
Will    +....                   (boots unavailable)
Stlth   ++........              i - amulet of regeneration
HPRegen 1.81/turn               t - ring of wizardry
MPRegen 0.00/turn               R - ring of fire

@: flying
A: sickness immunity, fire resistance 2, cold vulnerability 1, float, innate
caster, HP casting, extra vitality 1
a: Renounce Religion, Evoke Blink, Upheaval


You were on level 10 of the Dungeon.
You worshipped Qazlal.
Qazlal was pleased with you.
You visited 2 branches of the dungeon, and saw 11 of its levels.

You collected 520 gold pieces.
You spent 420 gold pieces at shops.

Inventory:

Hand Weapons
 r - a +1 short sword of venom
 w - a +2 dagger of speed
 A - a +0 dagger of freezing
 I - a +2 vorpal spear
 L - a +1 rapier of holy wrath
 M - a +1 dagger of draining
 O - a +0 vampiric dagger (weapon)
 Q - a +2 short sword of flaming
Missiles
 e - 6 javelins
 s - 3 throwing nets
 B - 26 poisoned darts
Armour
 k - a +1 helmet (worn)
 o - +0 acid dragon scales
 P - the +0 troll leather armour of the Ant (worn) {+Blink rN+ Regen+ Str+2}
   (You bought it in a shop on level 3 of the Dungeon)

   Str:       It affects your strength (+2).
   rN:        It protects you from negative energy.
   +Blink:    It lets you blink.
   Regen:     It increases your rate of health regeneration.
 T - a scarf of shadows (worn)
Jewellery
 i - an amulet of regeneration (around neck)
 p - an amulet of faith
 t - a ring of wizardry (left hand)
 x - an amulet of reflection
 N - a ring of positive energy
 R - a ring of fire (right hand)
Wands
 b - a wand of polymorph (6)
 f - a wand of paralysis (9)
 v - a wand of iceblast (22)
 C - a wand of light (4)
 G - a wand of digging (8)
Scrolls
 c - 3 scrolls of identify
 d - a scroll of blinking {unknown}
 g - 3 scrolls of enchant armour
 h - a scroll of fear
 n - a scroll of enchant weapon {unknown}
 y - a scroll of brand weapon {unknown}
 E - 2 scrolls of immolation
 F - 2 scrolls of fog {unknown}
 S - a scroll of teleportation {unknown}
Potions
 j - 2 potions of haste {unknown}
 l - 7 potions of curing
 m - 3 potions of flight {unknown}
 q - a potion of resistance {unknown}
 u - a potion of brilliance {unknown}
 z - a potion of degeneration {unknown}
 D - a potion of invisibility {unknown}
 H - 2 potions of berserk rage {unknown}
 J - a potion of attraction {unknown}
 K - 2 potions of heal wounds {unknown}


   Skills:
 + Level 2.1 Fighting
 + Level 1.0 Short Blades
 + Level 0.9 Polearms
 + Level 2.1 Armour
 + Level 4.8 Dodging
 + Level 4.5 Stealth
 + Level 2.1 Shields
 + Level 12.3 Spellcasting


You had 7 spell levels left.
You knew the following spells:

 Your Spells              Type           Power      Damage    Failure   Level
a - Magic Dart            Conj           100%       1d8       1%          1
b - Searing Ray           Conj           100%       2d8       1%          2
c - Dazzling Flash        Conj/Hex       100%       N/A       1%          3
d - Fulminant Prism       Conj/Hex       28%        3d14      1%          4
e - Iskenderun's Mystic   Conj/Tloc      57%        2d12      1%          4
f - Sandblast             Erth           100%       2d20      1%          1
g - Scorch                Fire           100%       2d10      1%          2
h - Call Imp              Summ           57%        N/A       1%          2
i - Summon Guardian Gole  Hex/Summ       57%        N/A       1%          3
j - Lee's Rapid Deconstr  Erth           28%        3d16*     1%          5
Your spell library was empty.

Dungeon Overview and Level Annotations

Branches:
Dungeon (10/15)            Temple (1/1) D:7            Lair (0/5) D:9
    Orc: D:9-12

Altars:
Ashenzari
Cheibriados
Dithmenos
Elyvilon
Fedhas
Gozag
Hepliaklqana
Makhleb
Nemelex Xobeh
Okawaru
Qazlal
Ru
Trog
Wu Jian
Xom
Yredelemnul
Zin
The Shining One

Shops:
D:3 [   D:9 *


Innate Abilities, Weirdness & Mutations

You are immune to sickness and miasma.
You are immune to poison.
Your flesh is very heat resistant. (rF++)
You are vulnerable to cold. (rC-)
You float through the air rather than walking.
You learn spells naturally, not from books.
Your magical power is your life essence.
You have superior vitality. (+4 MHP)


Message History

You conjure a prism of explosive energy!
The kobold shouts!
A fulminant prism comes into view.
You hear a bellow!
The centaur shoots an arrow.
The arrow completely misses your fulminant prism.
The arrow barely misses you.
A centaur warrior comes into view.
Casting: Fulminant Prism (safe; 1% risk of failure)
Confirm with . or Enter, or press ? or * to list all spells.
You erupt in a blast of force!
The mystic blast hits the kobold!
You kill the kobold!
Qazlal accepts your kill.
You hear a bellow!
The centaur shoots an arrow.
The arrow hits your fulminant prism.
The centaur warrior wields a +0 longbow.
The centaur warrior shoots an arrow.
The arrow hits you!
* * * LOW HITPOINT WARNING * * *
The centaur shoots an arrow.
The arrow hits your fulminant prism!
A yak comes into view.
Your fulminant prism crackles loudly.
A yak comes into view.
You hear a bellow!
Casting: Iskenderun's Mystic Blast (safe; 1% risk of failure)
Confirm with . or Enter, or press ? or * to list all spells.
Aiming: Fulminant Prism (safe; 1% risk of failure)
Press: ? - help, Dir - move target You conjure a prism of explosive energy!
* * * LOW HITPOINT WARNING * * *
A fulminant prism comes into view.
The centaur shoots an arrow.
The arrow hits your fulminant prism!
Your fulminant prism explodes!
The centaur warrior shoots an arrow.
You block the arrow. The yak gores your fulminant prism!
You hear an angry buzzing noise.
The centaur warrior shoots an arrow.
The arrow hits you!
* * * LOW HITPOINT WARNING * * *
The centaur shoots an arrow.
The arrow completely misses you.
The centaur warrior shoots an arrow.
The arrow hits you!!
You die...

..... .Y.Y.#
..Y... ...*..
.c>..) #
.....)###.###
.....☼@°)....
.#.#.#)).....
# #.#.....
#.#....c #)#
.... #.# ####
..# ...


You could see a centaur warrior, 3 yaks, a centaur and a friendly fulminant
prism.

Vanquished Creatures
  3 death yaks
  An ugly thing (D:8)
  An unseen horror (D:7)
  A kobold demonologist (D:7)
  2 hornets
  Sigmund (D:2)
  A shadow (D:9)
  A wyvern (D:7)
  6 yaks
  Duvessa (D:7)
  2 acid dragons
  2 water moccasins
  3 orc warriors
  2 black bears
  An ice beast (D:7)
  3 ogres
  A centaur (D:8)
  3 kobold brigands
  3 gnoll sergeants
  5 bullfrogs
  A scorpion (D:5)
  A necrophage (D:5)
  5 wights (D:9)
  Dowan (D:7)
  12 killer bees (D:9)
  3 howler monkeys (D:9)
  2 jellies
  A hound (D:6)
  4 orc priests
  2 iguanas
  Natasha (D:2)
  6 orc wizards
  7 adders
  8 gnolls (D:9)
  A white imp (D:6)
  2 ufetubi
  3 dart slugs
  31 orcs
  4 ball pythons
  4 bats
  8 endoplasms
  A giant cockroach (D:4)
  12 goblins
  10 hobgoblins
  2 jackals (D:2)
  13 kobolds
  2 quokkas (D:4)
  6 frilled lizards
  3 rats
199 creatures vanquished.

Vanquished Creatures (others)
  89 fulminant prisms
  3 fungi (D:5)
92 creatures vanquished.

Grand Total: 291 creatures vanquished

Notes
Turn   | Place    | Note
-------+----------+-------------------------------------------
     0 | D:1      | javelincjr the Djinni Conjurer began the quest for the Orb.
     0 | D:1      | javelincjr set off with the following spells memorised:
                  | Magic Dart, Searing Ray, Dazzling Flash, Fulminant Prism,
                  | Iskenderun's Mystic Blast.
     0 | D:1      | Reached XP level 1. HP: 15/15 MP: 0/0
   118 | D:1      | You are sucked into a shaft and drop 1 floor!
   145 | D:2      | Reached XP level 2. HP: 15/21 MP: 0/0
   730 | D:1      | Reached XP level 3. HP: 19/25 MP: 0/0
   730 | D:1      | Learned a level 1 spell: Sandblast
   825 | D:1      | Found a faded altar of an unknown god.
  1077 | D:2      | Reached skill level 4 in Spellcasting
  1273 | D:2      | Reached XP level 4. HP: 30/31 MP: 0/0
  1722 | D:2      | Noticed Sigmund
  1723 | D:2      | Noticed Natasha
  1726 | D:2      | Killed Natasha
  1727 | D:2      | Reached XP level 5. HP: 26/35 MP: 0/0
  1727 | D:2      | Learned a level 2 spell: Scorch
  1729 | D:2      | Killed Sigmund
  1730 | D:2      | Reached skill level 5 in Spellcasting
  1730 | D:2      | Reached XP level 6. HP: 27/40 MP: 0/0
  1978 | D:3      | Found Resotyd's Antique Armour Emporium.
  2002 | D:3      | Noticed an ogre
  2009 | D:3      | Killed an ogre
  2108 | D:3      | Reached XP level 7. HP: 29/45 MP: 0/0
  2108 | D:3      | Learned a level 2 spell: Call Imp
  2940 | D:4      | Reached skill level 6 in Spellcasting
  3525 | D:5      | Entered Level 5 of the Dungeon
  3626 | D:5      | Reached XP level 8. HP: 35/50 MP: 0/0
  3902 | D:5      | Reached skill level 7 in Spellcasting
  4138 | D:5      | Found a blossoming altar of Fedhas.
  4941 | D:6      | Reached skill level 1 in Fighting
  5379 | D:6      | Reached XP level 9. HP: 53/57 MP: 0/0
  5379 | D:6      | Learned a level 3 spell: Summon Guardian Golem
  5577 | D:7      | Found a stormy altar of Qazlal.
  5582 | D:7      | Became a worshipper of Qazlal Stormbringer
  5665 | D:7      | Noticed Duvessa
  5672 | D:7      | Noticed Dowan
  5674 | D:7      | Killed Duvessa
  5675 | D:7      | Reached skill level 8 in Spellcasting
  5682 | D:7      | Killed Dowan
  6056 | D:7      | Noticed a hornet
  6065 | D:7      | Killed a hornet
  6098 | D:7      | Noticed a kobold demonologist
  6300 | D:7      | Reached skill level 1 in Shields
  6300 | D:7      | Reached skill level 9 in Spellcasting
  6598 | D:7      | Killed an unseen horror
  6680 | D:7      | Killed a kobold demonologist
  6681 | D:7      | Reached XP level 10. HP: 12/64 MP: 0/0
  7362 | D:7      | Found a staircase to the Ecumenical Temple.
  7499 | Temple   | Entered the Ecumenical Temple
  8062 | D:8      | Noticed a white ugly thing
  8315 | D:8      | Reached skill level 10 in Spellcasting
  8475 | D:8      | Killed a white ugly thing
  8694 | D:8      | Found a broken altar of Ashenzari.
  8694 | D:8      | Found a sparkling altar of Nemelex Xobeh.
  8698 | D:8      | Found a burning altar of Makhleb.
  8895 | D:9      | Reached skill level 1 in Short Blades
  8928 | D:9      | Reached * piety under Qazlal
  9194 | D:9      | Noticed a death yak
  9195 | D:9      | Noticed a death yak
  9195 | D:9      | Noticed a death yak
  9240 | D:9      | Killed a death yak
  9241 | D:9      | Reached skill level 11 in Spellcasting
  9241 | D:9      | Killed a death yak
  9242 | D:9      | Reached skill level 1 in Armour
  9242 | D:9      | Reached XP level 11. HP: 35/68 MP: 0/0
  9242 | D:9      | Learned a level 5 spell: Lee's Rapid Deconstruction
  9307 | D:8      | Killed a death yak
  9371 | D:9      | Found a staircase to the Lair.
  9576 | D:3      | Bought a masterwork troll leather armour for 420 gold
                  | pieces
  9576 | D:3      | Identified the +0 troll leather armour of the Ant {+Blink
                  | rN+ Regen+ Str+2} (You bought it in a shop on level 3 of
                  | the Dungeon)
  9788 | D:9      | Found a white marble altar of Elyvilon.
  9852 | D:9      | Found Yliukkug's General Store.
  9908 | D:9      | Reached skill level 12 in Spellcasting
  9939 | D:9      | Found an ornate altar of the Wu Jian Council.
 10266 | D:9      | Reached ** piety under Qazlal
 10475 | D:10     | Entered Level 10 of the Dungeon
 10495 | D:10     | Noticed a centaur warrior
 10498 | D:10     | Shot with an arrow by a centaur warrior

Illustrated notes

Levels and vault maps discovered:
D:1:      arrival_zaba_pyramid, layout_basic, chequers_ecumenical_altar_island
D:2:      cheibrodos_greedy_goblins, layout_rooms, minmay_strange_pillars,
          uniq_natasha, uniq_sigmund
D:3:      layout_rooms, serial_shops, nicolae_diamond_shop, minivault_4,
          chequers_jeans
D:4:      layout_basic, st_stairs_6, hangedman_abyss_or_decor_stabs
D:5:      layout_cave_pools, fedhas_altar_3, nrook_mini_vaults
D:6:      layout_gridville
D:7:      minmay_slanted_spiral_squares, layout_basic,
          nicolae_qazlal_general_emergency, temple_pool_b, serial_corexii_hall,
          chequers_hall_statues_corner_a, corexii_hall_statues_t,
          corexii_hall_statues_t, uniq_duvessa
D:8:      layout_basic, minitemple, kennysheep_generic_room_12
D:9:      layout_roguey, elyvilon_altar_5, pdpol_wu_jian_five_deadly_venoms,
          dpeg_lair_monsters, serial_shops, nicolae_take_the_stairs,
          st_stairs_13, grunt_ministairs_6, nrook_loot_triangle
D:10:     minmay_octagon_keep, layout_basic, eat_drink_and_be_merry_uskayaw,
          serial_shops, nicolae_shop_advertising_works
          [nicolae_subvault_shop_adworks], hangedman_decor_peaks_small
Temple:   hellmonk_temple_flake

Skill      XL: |  1  2  3  4  5  6  7  8  9 10 11 |
---------------+----------------------------------+-----
Spellcasting   | 4 5 6 7 9 11 12 | 12.3
Stealth        | 2 3 4 |  4.5
Dodging        | 3 4 |  4.8
Fighting       | 1 2 |  2.1
Shields        | 1 2 |  2.1
Short Blades   | 1 |  1.0
Armour         | 1 2 |  2.1
Polearms       | |  0.9

Action                   |  1- 3 |  4- 6 |  7- 9 | 10-12 || total
-------------------------+-------+-------+-------+-------++-------
Melee: Spear             |     3 |     2 |       |       ||     5
       Short sword       |       |       |     4 |       ||     4
       Dagger            |       |       |     1 |     8 ||     9
       Punch             |       |       |       |     2 ||     2
 Cast: Magic Dart        |    33 |    23 |    61 |    37 ||   154
       Searing Ray       |     2 |     1 |     4 |     1 ||     8
       Fulminant Prism   |       |     7 |    41 |    43 ||    91
       Sandblast         |       |     4 |     3 |       ||     7
       Scorch            |       |       |     1 |       ||     1
       Iskenderun's Myst |       |       |    31 |    59 ||    90
       Call Imp          |       |       |     1 |     1 ||     2
       Lee's Rapid Decon |       |       |       |     1 ||     1
  Use: Scroll            |       |       |    13 |       ||    13
       Potion            |       |       |     2 |       ||     2
 Stab: Sleeping          |     1 |       |       |       ||     1
Armor: Robe              |     1 |     2 |    12 |       ||    15
       Acid dragon scale |       |       |       |     3 ||     3
       Troll leather arm |       |       |       |     2 ||     2
Dodge: Dodged            |     9 |       |    13 |    13 ||    35
Block: Other             |       |       |    10 |     2 ||    12
       Reflection        |       |       |     3 |       ||     3
